cohdb
Replays
Latest Replays
All Replays
Popular Replays
Top Player Replays
Match Explorer
How It Works
Community
CoH3 Stats
Reddit
Sign in to upload your games and track your stats! →
Sign in with Steam
Match 43769348
Unlisted
Match 43769348
Overview
Messages
Build Orders
End
Kradschützen Motorcycle Team
Selects Italian Combined Arms Battlegroup
Selects Bersaglieri Squad
Bersaglieri Squad
Bersaglieri Squad
Construct Light Support Kompanie
Selects Bersaglieri Bolster
2.5-tonne Medical Truck
MG34 Team
Fire Support Elements
Veteran Squad Leaders
Selects Breda Model 30 Light Machine Guns
Panzerjäger Mechanized Group
Flakvierling Half-track
2.5-tonne Medical Truck
slayermj12
[REDACTED]
Vryru
Arturokq
0
0
Comments
sign in to comment!
No comments posted yet!